 Dungeon Crawl Stone Soup version 0.24.0-2-g5b39cebb1c (webtiles) character file.

Game seed: 13383186018533209338, levelgen mode: deterministic

1527 Mrkan the Cleaver (level 8, -1/73 HPs)
             Began as a Hill Orc Monk on Oct 29, 2019.
             Succumbed to a crimson imp's poison
             ... on level 5 of the Dungeon.
             The game lasted 00:08:58 (5650 turns).

Mrkan the Cleaver (Hill Orc Monk)                   Turns: 5650, Time: 00:08:59

Health: -1/73      AC: 18    Str: 14 (16) XL:     8   Next: 85%
Magic:  8/8        EV:  0    Int:  9 (10) God:
Gold:   183        SH:  0    Dex: 11 (13) Spells: 7/7 levels left

rFire    . . .     SeeInvis .   a - +0 hand axe
rCold    . . .     Gourm    .   (no shield)
rNeg     . . .     Faith    .   o - +0 crystal plate armour
rPois    .         Spirit   .   (no helmet)
rElec    .         Reflect  .   f - +0 cloak
rCorr    .         Harm     .   (no gloves)
MR       .....                  (no boots)
Stlth    ..........             (no amulet)
HPRegen  0.22/turn              (no ring)
MPRegen  0.11/turn              (no ring)

@: lethally poisoned (-1 -> -23)
A: no striking features
a: no special abilities


You were on level 5 of the Dungeon.
You were not hungry.

You visited 1 branch of the dungeon, and saw 5 of its levels.

You collected 183 gold pieces.

Inventory:

Hand Weapons
 a - a +0 hand axe (weapon)
Armour
 b - a +0 robe
 e - a +3 scale mail of magic resistance
 f - a +0 cloak (worn)
 o - a +0 crystal plate armour (worn)
Wands
 l - a wand of iceblast (5)
Scrolls
 d - a scroll of enchant armour
 h - 4 scrolls of identify
 j - 2 scrolls of magic mapping
 k - a scroll of immolation {unknown}
 m - 2 scrolls of teleportation {unknown}
 n - 2 scrolls of amnesia {unknown}
 p - 2 scrolls of fog {unknown}
 q - a scroll of noise {unknown}
 r - 4 scrolls of remove curse {unknown}
Potions
 g - a potion of agility
 t - a potion of heal wounds {unknown}
Comestibles
 c - 7 rations


   Skills:
 + Level 7.3 Fighting
 * Level 10.6 Axes
 + Level 5.6 Armour
 - Level 2.4 Dodging
 - Level 1.5 Stealth


You had 7 spell levels left.
You didn't know any spells.
Your spell library was empty.

Dungeon Overview and Level Annotations

Branches:
Dungeon (5/15)
 Temple: D:4-7

Altars:
Ashenzari
Kikubaaqudgha
Makhleb
Okawaru
Ru
Trog
Zin

Shops:
D:4 %

Annotations:
D:5 Prince Ribbit


Message History

The poisoned dart hits you!
You are more poisoned.
You see here a poisoned dart.
* * * LOW HITPOINT WARNING * * *
You feel sick.
* * * LOW HITPOINT WARNING * * *
You feel sick.
* * * LOW HITPOINT WARNING * * *
You feel sick.
The crimson imp throws a poisoned dart.
The poisoned dart hits you!
You are more poisoned.
You see here a poisoned dart.
* * * LOW HITPOINT WARNING * * *
You feel sick.
* * * LOW HITPOINT WARNING * * *
You feel very sick.
It was a potion of degeneration.
There was something very wrong with that liquid.
You feel weakened.
You feel dopey.
You feel clumsy.
You die...

.**,*,,.#.........#,**+*****
.*,,,...#.###.##..#,*,,,,,,*
#**##...#.# #..#..#,*,,,,,,*
,,,,....#.####.#..#,*,,,,,,*
#####...#.#.......#,*,,,,,,*
........#.#.###.#.#,#*+*****
........#.#.#.....#.#*,*
........#.#.#.##.##.##.#
........#<#.#...@..(##.#
####........#.##..####.#
##.........###F####'######
#.#######.# #..##.......# *
#.# #.# ##.##.......# * #.#
#.# #(.#....<..# * #.# #.#
##5#.......# * **#+#**** #.*
#(........# * *,,,,,,,* *,*
##(#'######


You could see Prince Ribbit and a crimson imp.

Vanquished Creatures
  Pikel (D:5)
  A sky beast (D:3)
  2 slaves (D:5)
  A necrophage (D:5)
  An ogre (D:4)
  A centaur (D:3)
  A crimson imp (D:5)
  2 hounds
  5 orc priests (D:4)
  A bullfrog skeleton (D:4)
  6 orc wizards
  2 iguanas (D:4)
  2 worker ants (D:4)
  A hound skeleton (D:4)
  6 adders
  2 oozes
  An adder skeleton (D:4)
  4 worms
  A dart slug (D:2)
  2 leopard geckos
  16 orcs
  2 ball pythons
  6 bats
  4 giant cockroaches
  9 goblins
  9 hobgoblins
  6 jackals (D:4)
  3 quokkas
  5 frilled lizards
  A jackal zombie (D:5)
  7 kobolds
  8 rats
119 creatures vanquished.

Vanquished Creatures (others)
  An adder (D:5)
1 creature vanquished.

Grand Total: 120 creatures vanquished

Notes
Turn   | Place    | Note
-------+----------+-------------------------------------------
     0 | D:1      | Mrkan the Hill Orc Monk began the quest for the Orb.
     0 | D:1      | Reached XP level 1. HP: 19/19 MP: 1/1
   208 | D:1      | Reached XP level 2. HP: 11/27 MP: 2/2
   857 | D:2      | Reached skill level 1 in Armour
   874 | D:2      | Reached XP level 3. HP: 26/33 MP: 3/3
   897 | D:2      | Reached skill level 5 in Axes
  1307 | D:2      | Reached XP level 4. HP: 34/40 MP: 4/4
  1454 | D:2      | Found a glowing silver altar of Zin.
  1790 | D:3      | Noticed a centaur
  1807 | D:3      | Killed a centaur
  1807 | D:3      | Reached skill level 6 in Axes
  1807 | D:3      | Reached XP level 5. HP: 5/47 MP: 5/5
  2193 | D:3      | Noticed a sky beast
  2225 | D:3      | Killed a sky beast
  2225 | D:3      | Reached skill level 5 in Fighting
  2225 | D:3      | Reached XP level 6. HP: 19/56 MP: 6/6
  2607 | D:3      | Found a faded altar of an unknown god.
  2858 | D:3      | Reached skill level 7 in Axes
  3731 | D:4      | Found a shattered altar of Ashenzari.
  3732 | D:4      | Found a bloodstained altar of Trog.
  3732 | D:4      | Found a burning altar of Makhleb.
  3732 | D:4      | Found a sacrificial altar of Ru.
  3738 | D:4      | Found an ancient bone altar of Kikubaaqudgha.
  3738 | D:4      | Found an iron altar of Okawaru.
  3893 | D:4      | Reached XP level 7. HP: 14/61 MP: 7/7
  4146 | D:4      | Found Sapylux's Food Boutique.
  4201 | D:4      | Reached skill level 8 in Axes
  5003 | D:4      | Reached skill level 9 in Axes
  5062 | D:4      | Reached XP level 8. HP: 56/70 MP: 8/8
  5176 | D:5      | Entered Level 5 of the Dungeon
  5246 | D:5      | Noticed Pikel
  5294 | D:5      | Killed Pikel
  5294 | D:5      | Reached skill level 10 in Axes
  5294 | D:5      | Reached skill level 5 in Armour
  5552 | D:5      | Noticed Prince Ribbit
  5649 | D:5      | HP: 1/73 [poisoned by a crimson imp]
  5650 | D:5      | Succumbed to a crimson imp's poison

Levels and vault maps discovered:
D:1:      sevenhm_arrival_forest_fort_small_5, layout_basic
D:2:      layout_basic, lemuel_doored_altar
D:3:      layout_basic, chequers_ecumenical_altar_twisty, minmay_joined_circles
D:4:      layout_basic, minmay_overflow_temple_hex, serial_shops,
          nicolae_shop_waterfront, first_ration, serial_bayou_crossing
D:5:      layout_basic, st_stairs_3, kennysheep_small_circle,
          uniq_prince_ribbit1, uniq_edmund, uniq_pikel

Skill      XL: |  1  2  3  4  5  6  7  8 |
---------------+-------------------------+-----
Armour         | 1 2 3 4 5 |  5.6
Fighting       | 4 5 6 7 |  7.3
Axes           | 5 6 7 9 10 | 10.6
Dodging        | |  2.4
Stealth        | |  1.5

Action                   |  1- 3 |  4- 6 |  7- 9 || total
-------------------------+-------+-------+-------++-------
Melee: Hand axe          |    95 |   284 |   271 ||   650
  Use: Potion            |       |       |     4 ||     4
       Scroll            |       |       |     3 ||     3
 Stab: Sleeping          |     1 |       |       ||     1
  Eat: Chunk             |     1 |     9 |     4 ||    14
       Ration            |       |       |     1 ||     1
Armor: Scale mail        |    62 |   134 |    66 ||   262
       Skin              |       |       |    10 ||    10
       Crystal plate arm |       |       |   103 ||   103
Dodge: Dodged            |    57 |   139 |    64 ||   260
